 Dungeon Crawl Stone Soup version 0.20.1-1-g8b1a95d (webtiles) character file.

18 slep the Ducker (level 2, 0/34 HPs)
             Began as a Demonspawn Wanderer on Oct 22, 2017.
             Slain by an ooze (3 damage)
             ... on level 2 of the Dungeon.
             The game lasted 00:04:57 (785 turns).

slep the Ducker (Demonspawn Wanderer)                Turns: 785, Time: 00:04:58

Health: 0/34       AC: 21    Str: 11    XL:     2   Next: 51%
Magic:  2/2        EV:  2    Int: 14    God:
Gold:   31         SH:  0    Dex: 12    Spells: 1/1 levels left

rFire    . . .     SeeInvis .   a - +2 falchion
rCold    . . .     Gourm    .   (no shield)
rNeg     + + +     Faith    .   (armour currently unavailable)
rPois    +         Spirit   .   (helmet currently unavailable)
rElec    .         Reflect  .   (cloak currently unavailable)
rCorr    .         Harm     .   (gloves currently unavailable)
MR       .....     NoTele   +   (boots currently unavailable)
Stlth    ++........             (no amulet)
Regen    0.2/turn               (no ring)
MPRegen  0.1/turn               (no ring)

@: tree-form
A: no striking features
a: no special abilities


You were on level 2 of the Dungeon.
You were not hungry.
You were a tree.
You visited 1 branch of the dungeon, and saw 2 of its levels.

You collected 31 gold pieces.

Inventory:

Hand Weapons
 a - a +2 falchion (weapon)
Armour
 d - a +0 robe
 h - a +0 ring mail (melded)
Jewellery
 l - an uncursed ring of fire
Wands
 c - a wand of random effects (15/48)
Scrolls
 e - a scroll of enchant weapon {unknown}
 g - a scroll of noise {unknown}
 i - a scroll of identify {unknown}
Comestibles
 f - a bread ration
 j - a royal jelly
 k - a chunk of flesh


   Skills:
 + Level 2.4 Fighting
 + Level 2.1 Long Blades
   Level 1.0 Polearms
 + Level 3.1 Dodging
 + Level 1.0 Stealth
 + Level 1.0 Evocations


You had one spell level left.
You didn't know any spells.

Dungeon Overview and Level Annotations

Branches:
Dungeon (2/15)

Altars:

Annotations:
D:2 Terence


Innate Abilities, Weirdness & Mutations

((Your flesh is heat resistant. (rF+)))


Message History

Terence is moderately wounded.
The ooze completely misses you. Terence hits you with a mace.
You barely miss Terence.
Terence is moderately wounded.
The ooze hits you.
Terence shouts, "DIE!!!"
Terence barely misses you.
You riposte.
You barely miss Terence.
Terence is moderately wounded.
You barely miss Terence.
Terence is moderately wounded.
The ooze hits you. Terence hits you but does no damage. The ooze hits you.
* * * LOW HITPOINT WARNING * * *
You closely miss Terence.
Terence is moderately wounded.
Terence closely misses you. The ooze hits you.
* * * LOW HITPOINT WARNING * * *
You turn into a tree.
Your +0 ring mail melds into your body.
Your roots penetrate the ground.
Terence hits you but does no damage. The ooze hits you.
You die...

#. #.# #.... ##.##.#
#.#.. ##...#.# #.#.#
#......## #.#.#
#.......###.#.####.##
#.....#..............
##...######.#.####...
##..# #.#.# #.♣#
#.#.# #J@# #.#.# #..#
#.#<# #... ..#.# #..#
###.# #..# #.# #..#
#.# #..# #.# #..


You could see Terence and an ooze.

Vanquished Creatures
  An ooze (D:1)
  A dart slug (D:1)
  A goblin (D:1)
  3 hobgoblins (D:1)
  A ball python (D:2)
  A bat (D:1)
  3 frilled lizards (D:1)
  2 rats (D:1)
13 creatures vanquished.

Notes
Turn   | Place    | Note
-------+----------+-------------------------------------------
     0 | D:1      | slep the Demonspawn Wanderer began the quest for the Orb.
     0 | D:1      | slep set off with: a +2 falchion, a potion of lignification, a wand of random effects (15/48), a +0 robe, a bread ration
     0 | D:1      | Reached XP level 1. HP: 16/16 MP: 1/1
     6 | D:1      | Noticed an iguana
     6 | D:1      | Noticed a black bear
     6 | D:1      | Noticed a black mamba
     7 | D:1      | Noticed a hog
   192 | D:1      | Gained mutation: Your flesh is heat resistant. (rF+) [demonic ancestry]
   192 | D:1      | Reached XP level 2. HP: 22/22 MP: 2/2
   215 | D:1      | Reached skill level 3 in Dodging
   766 | D:2      | Noticed Terence
   785 | D:2      | Slain by an ooze

Skill      XL: |  1  2 |
---------------+-------+-----
Long Blades    | 2 |  2.1
Dodging        | 3 |  3.1
Fighting       | |  2.4
Polearms       | |  1.0
Stealth        | |  1.0
Evocations     | |  1.0

Action                   || total
-------------------------++-------
Melee: Falchion          ||    48
  Use: Potion            ||     3
Armor: Ring mail         ||    14
       Robe              ||     1
       Skin              ||     1
Dodge: Dodged            ||    28
       Rpst.: Falchion   ||     6
